 Dungeon Crawl Stone Soup version 0.23-a0-41-g8b50da7 (webtiles) character file.

95 suicidejoker the Bolt Thrower (level 4, -1/30 HPs)
             Began as an Octopode Hunter on Aug 6, 2018.
             Slain by an orc warrior
             ... wielding a +0 battleaxe
              (9 damage)
             ... on level 4 of the Dungeon.
             The game lasted 00:03:48 (2425 turns).

suicidejoker the Bolt Thrower (Octopode Hunter)     Turns: 2425, Time: 00:03:48

Health: -1/30      AC:  1    Str: 16    XL:     4   Next: 66%
Magic:  4/4        EV: 14    Int: 13    God:
Gold:   124        SH:  0    Dex: 13    Spells: 3/3 levels left

rFire    + . .     SeeInvis .   r - -3 dagger (curse)
rCold    . . .     Gourm    .   (no shield)
rNeg     + . .     Faith    .   k - +0 hat
rPois    .         Spirit   .   (no amulet)
rElec    .         Reflect  .   e - ring of resist corrosion
rCorr    +         Harm     .   n - ring of positive energy
MR       .....                  u - ring of protection from fire
Stlth    +++.......             (no ring)
HPRegen  0.10/turn              (no ring)
MPRegen  0.09/turn              (no ring)
                                (no ring)
                                (no ring)

@: mighty
A: almost no armour, stealthy swim, amphibious, 8 rings, constrict 8, camouflage
1, gelatinous body 1
a: no special abilities


You were on level 4 of the Dungeon.
You were not hungry.

You visited 1 branch of the dungeon, and saw 4 of its levels.

You collected 124 gold pieces.

Inventory:

Hand Weapons
 a - a +1 hand crossbow
 b - a +0 short sword
 f - a cursed -1 mace
 g - a cursed +0 mace
 r - a cursed -3 dagger (weapon)
Missiles
 c - 39 bolts
 i - 20 arrows
 j - 4 tomahawks (quivered)
 o - 35 stones
 s - 21 poisoned needles
Armour
 k - a +0 hat (worn)
 t - a +0 cloak
Jewellery
 e - a ring of resist corrosion (left tentacle)
 n - a ring of positive energy (right tentacle)
 u - a ring of protection from fire (on tentacle)
Scrolls
 l - a scroll of enchant armour {unknown}
 m - a scroll of teleportation
Potions
 q - a potion of brilliance {unknown}
Comestibles
 d - 3 rations


   Skills:
 * Level 2.9 Fighting
 * Level 4.6 Crossbows
 * Level 3.1 Dodging
 + Level 2.3 Stealth


You had 3 spell levels left.
You didn't know any spells.
Your spell library was empty.

Dungeon Overview and Level Annotations

Branches:
Dungeon (4/15)
 Temple: D:4-7

Altars:

Annotations:
D:3 Crazy Yiuf


Innate Abilities, Weirdness & Mutations

You cannot wear most types of armour.
You are very stealthy in the water. (Stealth+)
You are amphibious.
You can wear up to eight rings at the same time.
You can use your tentacles to constrict eight enemies at once.
Your skin changes colour to match your surroundings (Stealth+).
Your rubbery body absorbs attacks. (AC +1, EV +1)


Message History

It was a potion of curing.
You feel better.
It was a potion of might.
You feel very mighty all of a sudden. The orc warrior closely misses you.
Wield which item (- for none, * to show all)? (? for menu, Esc to quit)
It sticks to your tentacle!
r - a cursed -3 dagger (weapon)
The orc warrior barely misses you.
You closely miss the orc warrior. You grab the orc warrior.
You squeeze the orc warrior!
The orc warrior is heavily wounded.
You constrict the orc warrior, but do no damage.
You hit the orc warrior but do no damage.
The orc warrior is heavily wounded.
You constrict the orc warrior. The orc warrior barely misses you.
You barely miss the orc warrior.
The orc warrior is heavily wounded.
You constrict the orc warrior, but do no damage.
The orc warrior hits you with a battleaxe!
You die...

.. .# .. #
##### .# #
#.#.... .##.##
#......#....[##
#............
#.@.#
......o......#
..........#..#
.##............
#$....#..#. #
..........# #
...........#
...(........


You could see an orc warrior.

Vanquished Creatures
  2 gnolls
  2 adders (D:2)
  A worm (D:2)
  A dart slug (D:1)
  2 leopard geckos (D:1)
  4 orcs
  6 giant cockroaches
  2 goblins
  5 hobgoblins
  A kobold (D:3)
  6 bats
  10 frilled lizards
  8 rats (D:1)
50 creatures vanquished.

Notes
Turn   | Place    | Note
-------+----------+-------------------------------------------
     0 | D:1      | suicidejoker the Octopode Hunter began the quest for the Orb.
     0 | D:1      | Reached XP level 1. HP: 14/14 MP: 1/1
    81 | D:1      | Reached XP level 2. HP: 20/20 MP: 2/2
   177 | D:1      | Reached XP level 3. HP: 25/25 MP: 3/3
  1722 | D:2      | Reached XP level 4. HP: 26/30 MP: 4/4
  2341 | D:3      | Found a runed door.
  2348 | D:3      | Noticed Crazy Yiuf
  2398 | D:3      | Noticed an orc warrior
  2425 | D:4      | Slain by an orc warrior

Vault maps used:
D:1:      lightli_molten_gateway, minmay_misc_feat_square,
          minmay_misc_feat_rugged, palyth_stone_intersect, minmay_lizard_king
D:2:      first_ration, minmay_surrounded
D:3:      cheibriados_altar_1, corexii_leaking_fountain, uniq_crazy_yiuf_cottage
D:4:      patterned_corridor

Skill      XL: |  1  2  3  4 |
---------------+-------------+-----
Stealth        | 2 |  2.3
Dodging        | 3 |  3.1
Fighting       | |  2.9
Crossbows      | |  4.6

Action                   |  1- 3 |  4- 6 || total
-------------------------+-------+-------++-------
Melee: Short sword       |       |     4 ||     4
       Dagger            |       |     3 ||     3
       Constrict         |       |     3 ||     3
       Tentacles         |       |     2 ||     2
 Fire: Hand crossbow     |    82 |    21 ||   103
  Use: Potion            |       |     3 ||     3
       Scroll            |       |     1 ||     1
  Eat: Chunk             |     1 |     3 ||     4
Armor: Skin              |     1 |     1 ||     2
Dodge: Dodged            |    19 |    12 ||    31

Table legend:
 A = Spawn XP
 B = Non-spawn XP
 C = Spawn XP percentage of total XP
 D = Spawn monster count
 E = Non-spawn monster count
 F = Spawn count percentage of total count
 G = Total turns spent on level
                    A         B        C        D         E        F      G
               +---------+---------+-------+---------+---------+-------+---------
         Total |       0 |     137 |   0.0 |       0 |      50 |   0.0 |  2425
               +---------+---------+-------+---------+---------+-------+---------
           D:1 |       0 |      65 |   0.0 |       0 |      33 |   0.0 |  1283
           D:2 |       0 |      62 |   0.0 |       0 |      12 |   0.0 |  1024
           D:3 |       0 |      10 |   0.0 |       0 |       5 |   0.0 |   112
               +---------+---------+-------+---------+---------+-------+---------
